 Dungeon Crawl Stone Soup version 0.31.0-9-g3a7656b989 (webtiles) character file.

Game seed: 17274757809108287783

137 qw the Skirmisher (level 5, -1/29 HPs)
             Began as a Deep Elf Hunter on Feb 2, 2024.
             Slain by a gnoll
             ... wielding a +0 club
              (5 damage)
             ... on level 3 of the Dungeon.
             The game lasted 00:00:07 (1847 turns).

qw the Skirmisher (Deep Elf Hunter)                 Turns: 1847, Time: 00:00:07

Health: -1/29      AC:  3    Str: 10    XL:     5   Next: 0%
Magic:  7/7        EV: 12    Int: 14    God:
Gold:   73         SH:  5    Dex: 18    Spells: 4/4 levels left

rFire   + . .        a - +0 shortbow
rCold   . . .        (shield currently unavailable)
rNeg    . . .        c - +0 leather armour
rPois   .            (no helmet)
rElec   .            (no cloak)
rCorr   .            (no gloves)
SInv    .            (no boots)
Will    .....        i - amulet of reflection
Stlth   ++           g - ring of protection from fire
HPRegen 0.24/turn    (no ring)
MPRegen 0.10/turn

%: reflection
@: no status effects
A: no striking features
a: no special abilities


You were on level 3 of the Dungeon.
You visited 1 branch of the dungeon, and saw 3 of its levels.

You collected 73 gold pieces.


   Skills:
 - Level 1.5 Fighting
 + Level 8.4 Ranged Weapons
 - Level 2.4 Dodging
 - Level 1.2 Stealth


You had 4 spell levels left.
You didn't know any spells.
Your spell library was empty.

Inventory:

Hand Weapons
 a - a +0 shortbow (weapon)
Armour
 c - a +0 leather armour (worn)
 h - a +0 pair of boots
Jewellery
 g - a ring of protection from fire (left hand)
 i - an amulet of reflection (around neck)
Potions
 b - a potion of haste {unknown}
 d - a potion of brilliance {unknown}
 e - a potion of heal wounds {unknown}
 f - a potion of invisibility {unknown}

Dungeon Overview and Level Annotations

Branches:
Dungeon (3/15)

Altars:
Dithmenos

Shops:
D:1 (


Message History

You shoot an arrow. The arrow hits the gnoll!
You kill the gnoll!
A gnoll and a frilled lizard come into view.
Found a stone staircase leading down.
The gnoll shouts!
The frilled lizard hisses angrily.
A gnoll comes into view.
It is wielding a +0 club and quivering a throwing net.
You shoot an arrow. The gnoll shouts!
The arrow hits the frilled lizard!
You kill the frilled lizard!
You shoot an arrow. The arrow barely misses the gnoll. x2
A gnoll comes into view. It is wielding a +0 spear.
You shoot an arrow. The arrow hits the gnoll.
The gnoll is heavily wounded.
You shoot an arrow.
The arrow hits the gnoll but does no damage.
The gnoll is heavily wounded.
You shoot an arrow. The arrow hits the gnoll!
You kill the gnoll!
A ball python comes into view.
You have reached level 5!
You shoot an arrow. The ball python hisses angrily.
The arrow hits the gnoll!
The gnoll is heavily wounded.
You shoot an arrow. The arrow hits the gnoll.
The gnoll is severely wounded.
The gnoll closely misses you.
You shoot an arrow. The arrow barely misses the gnoll. x2
The gnoll hits you from afar with a +0 spear.
You shoot an arrow. The arrow hits the gnoll.
The gnoll is almost dead.
You block the gnoll's attack. The gnoll hits you with a +0 club!
You shoot an arrow. The arrow closely misses the gnoll.
The gnoll hits you from afar with a +0 spear.
The gnoll hits you with a +0 club.
You shoot an arrow. The arrow barely misses the gnoll.
The gnoll hits you from afar with a +0 spear.
The gnoll hits you with a +0 club.
You die...

#.######.###
#.######.#
.......<.......#
...####.#####..#
#.# #..# #.#
#..# ##.#####..#
#.........#
#@g#####.##
..>....S.# #.#
.......g## #.#
.##...... #.#
#..)... #.#
#....... ..#
#......# ###
.......#


You could see 2 gnolls and a ball python.

Vanquished Creatures
  Natasha (D:3)
  2 adders (D:2)
  3 gnolls
  3 dart slugs
  A ribbon worm (D:2)
  5 bats
  6 endoplasms
  6 giant cockroaches
  2 goblins (D:2)
  4 hobgoblins
  4 jackals (D:3)
  3 kobolds
  2 quokkas
  6 ball pythons
  4 frilled lizards
  2 rats
54 creatures vanquished.

Notes
Turn   | Place    | Note
-------+----------+-------------------------------------------
     0 | D:1      | qw the Deep Elf Hunter began the quest for the Orb.
     0 | D:1      | Reached XP level 1. HP: 12/12 MP: 3/3
     0 | D:1      | 0 ||| qw: Version: 0.3-a-155-g5e7d8dd
     0 | D:1      | 0 ||| qw: Game counter: 112
     0 | D:1      | 0 ||| qw: Melee chars always use a shield: true
     0 | D:1      | 0 ||| qw: God list: Okawaru
     0 | D:1      | 0 ||| qw: Allow faded altars: false
     0 | D:1      | 0 ||| qw: Do Orc after clearing Dungeon:15 true
     0 | D:1      | 0 ||| qw: Do second Lair branch before Depths: true
     0 | D:1      | 0 ||| qw: Lair rune preference: random
     0 | D:1      | 0 ||| qw: Goals: Normal
     0 | D:1      | 0 ||| PLANNING D:1-11
    20 | D:1      | Found Nusott's Antique Weapon Emporium.
    35 | D:1      | 35 ||| SHOPLISTING glowing sling (85 gold, have 0).
    76 | D:1      | Reached XP level 2. HP: 16/16 MP: 4/4
    78 | D:1      | Reached skill level 6 in Ranged Weapons
   775 | D:1      | Reached XP level 3. HP: 20/20 MP: 5/5
   953 | D:1      | 953 ||| UPGRADING to amulet of reflection.
   958 | D:1      | 958 ||| UPGRADING to ring of protection from fire.
   959 | D:1      | 959 ||| READING scroll labelled OXOSAPA UTEPAS.
   960 | D:1      | 960 ||| READING scroll labelled ZYOLES YNKI.
   964 | D:1      | 964 ||| DROPPING scroll of butterflies.
  1168 | D:2      | 1168 ||| FLEEEEING.
  1169 | D:2      | 1169 ||| FLEEEEING.
  1170 | D:2      | 1170 ||| FLEEEEING.
  1171 | D:2      | 1171 ||| FLEEEEING.
  1251 | D:2      | Reached skill level 7 in Ranged Weapons
  1390 | D:2      | Identified the +3 hand axe of Hubris {vamp, rF+ rCorr
                  | Dex+6}
  1417 | D:2      | Found a shadowy altar of Dithmenos.
  1419 | D:2      | Reached XP level 4. HP: 25/25 MP: 6/6
  1703 | D:3      | Noticed Natasha
  1713 | D:3      | Killed Natasha
  1714 | D:3      | Reached skill level 8 in Ranged Weapons
  1722 | D:3      | HP: 6/25 [jackal (3)]
  1842 | D:3      | Reached XP level 5. HP: 29/29 MP: 7/7
  1847 | D:3      | HP: 4/29 [gnoll/+0 spear (4)]
  1847 | D:3      | Slain by a gnoll

Levels and vault maps discovered:
D:1:      dpeg_arrival_orchard, layout_basic, serial_shops,
          nicolae_shop_advertising_works [nicolae_subvault_shop_adworks]
D:2:      layout_basic, basic_altar, serial_park_tiny_pond
D:3:      layout_loops_ring, shapermc_ecumenical_altar_petra, serial_shops,
          nicolae_shop_gibbet_a_chance, uniq_natasha

Skill      XL: |  1  2  3  4 |
---------------+-------------+-----
Ranged Weapons | 6 7 8 |  8.4
Fighting       | |  1.5
Dodging        | |  2.4
Stealth        | |  1.2

Action                     |  1- 3 |  4- 6 || total
---------------------------+-------+-------++-------
   Fire: Shortbow          |   118 |    56 ||   174
    Use: Scroll            |     2 |       ||     2
 Armour: Leather armour    |    29 |    29 ||    58
  Dodge: Dodged            |    45 |    28 ||    73
  Block: Other             |    10 |    12 ||    22
         Reflection        |     2 |       ||     2

Table legend:
 A = Non-vault XP
 B = Vault XP
 C = Vault XP percentage of total XP
 D = Non-vault monster count
 E = Vault monster count
 F = Vault count percentage of total count
                 A         B        C        D         E       F
            +---------+---------+-------+---------+---------+-------
      Total |     160 |      36 |  18.4 |      53 |       1 |   1.9
            +---------+---------+-------+---------+---------+-------
        D:1 |      43 |       0 |   0.0 |      17 |       0 |   0.0
        D:2 |      75 |       0 |   0.0 |      26 |       0 |   0.0
        D:3 |      42 |      36 |  46.2 |      10 |       1 |   9.1
            +---------+---------+-------+---------+---------+-------
